 Dungeon Crawl Stone Soup version 0.31.0-11-ge490571c62 (webtiles) character file.

Game seed: 410565530781158866

241 SnakkuSnakku7 the Trooper (level 5, -3/43 HPs)
             Began as a Mummy Alchemist on Jan 27, 2024.
             Slain by Duvessa
             ... wielding a +0 short sword
              (7 damage)
             ... on level 5 of the Dungeon.
             The game lasted 00:04:11 (2643 turns).

SnakkuSnakku7 the Trooper (Mummy Alchemist)         Turns: 2643, Time: 00:04:11

Health: -3/43      AC: 12    Str: 14    XL:     5   Next: 80%
Magic:  9/9        EV: 18    Int: 14    God:
Gold:   158        SH:  0    Dex: 12    Spells: 8/9 levels left

rFire   x . .        a - +1 war axe (heavy)
rCold   + . .        (no shield)
rNeg    + + +        i - +0 plate armour
rPois   ∞            p - +0 helmet
rElec   .            k - +0 cloak
rCorr   .            (no gloves)
SInv    .            (no boots)
Will    .....        h - amulet of the acrobat Stlth
                     (no ring)
HPRegen 0.27/turn    (no ring)
MPRegen 0.11/turn

%: acrobat, faith
@: acrobatic
A: cold resistance 1, negative energy resistance 3, torment resistance 2, heat
vulnerability 1, in touch with death 1, no potions, faith
a: no special abilities


You were on level 5 of the Dungeon.
You visited 1 branch of the dungeon, and saw 5 of its levels.

You collected 200 gold pieces.
You spent 42 gold pieces at shops.

Inventory:

Hand Weapons
 a - a +1 heavy war axe (weapon)
 d - a +0 whip
 g - a +0 mace
 q - a +0 flail
Missiles
 e - 3 poisoned darts
Armour
 i - a +0 plate armour (worn)
 j - an orb of guile
 k - a +0 cloak (worn)
 n - a +0 robe
 p - a +0 helmet (worn)
Jewellery
 h - an amulet of the acrobat (around neck)
Scrolls
 c - 3 scrolls of identify
 f - a scroll of immolation
 r - a scroll of vulnerability


   Skills:
 - Level 4.8 Fighting
 + Level 2.1 Axes
 - Level 0.5(1.4) Maces & Flails
 - Level 1.5 Dodging
 - Level 1.5 Stealth
 - Level 2.6 Spellcasting
 - Level 0.7 Conjurations
 - Level 2.4 Alchemy


You had 8 spell levels left.
You knew the following spells:

 Your Spells              Type           Power      Damage    Failure   Level
a - Sting                 Conj/Alch      24%        1d4       100%        1

Your spell library contained the following spells:

 Spells                   Type           Power      Damage    Failure   Level
 Mercury Vapours          Alch/Air       10%        N/A       100%        2
 Mephitic Cloud           Conj/Alch/Air  4%         N/A       100%        3
 Tukima's Dance           Hex            1%         N/A       100%        3
 Dimensional Bullseye     Hex/Tloc       0%         N/A       100%        4
 Iskenderun's Mystic Bla  Conj/Tloc      2%         2d3       100%        4
 Leda's Liquefaction      Alch/Erth      2%         N/A       100%        4
 Olgreb's Toxic Radiance  Alch           8%         N/A       100%        4
 Sticky Flame             Fire/Alch      5%         2d4       100%        4
 Lee's Rapid Deconstruct  Erth           0%         3d4*      100%        5
 Bombard                  Conj/Erth      1%         9d1       100%        6


Dungeon Overview and Level Annotations

Branches:
Dungeon (5/15)
 Temple: D:4-7

Altars:

Shops:
D:2 *   D:3 !

Annotations:
D:4 Edmund
D:5 Dowan, Duvessa


Innate Abilities, Weirdness & Mutations

You are immune to poison.
Your flesh is cold resistant. (rC+)
You are immune to negative energy. (rN+++)
You are immune to unholy pain and torment.
You are vulnerable to heat. (rF-)
You are in touch with the powers of death.
You do not drink.
You have a special connection with the divine. (Faith)


Message History

Unknown command.
Duvessa gestures with her weapon.
Duvessa attacks as she pursues you! Duvessa hits you with a +0 short sword!
Duvessa hits you with a +0 short sword.
Unknown command.
Duvessa hits you with a +0 short sword!
As you read the scroll labelled PONITY QIYTYR, it crumbles to dust.
The creatures around you are filled with an inner flame!
It was a scroll of immolation.
Duvessa hits you with a +0 short sword.
Unknown command.
You aren't carrying any items that you can evoke.
Unknown command.
As you read the scroll labelled NAYGHA RAICUYJADD, it crumbles to dust.
It is a scroll of identify.
r - a scroll of vulnerability Duvessa hits you with a +0 short sword.
Duvessa hits you but does no damage.
As you read the scroll labelled QASUUPPOOD, it crumbles to dust.
It is a scroll of brand weapon.
Your +0 war axe becomes incredibly heavy!
a - a +0 heavy war axe (weapon)
Duvessa barely misses you.
As you read the scroll labelled MOACWUEJAE, it crumbles to dust.
It is a scroll of enchant weapon.
Your +0 heavy war axe glows red for a moment.
Duvessa hits you with a +0 short sword.
The howler monkey hoots and howls with incredible vigour!
Duvessa hits you with a +0 short sword.
* * * LOW HITPOINT WARNING * * *
You hear a shout! x3
As you read the scroll labelled XAUVAA UMOIQ, it crumbles to dust.
You assume a fearsome visage.
Duvessa resists with almost no effort.
Dowan resists with some effort.
The ribbon worm looks frightened!
The howler monkey looks frightened!
It was a scroll of fear.
Duvessa hits you with a +0 short sword.
* * * LOW HITPOINT WARNING * * *
Duvessa closely misses you.
Cornered, the ribbon worm turns to fight!
Duvessa says, "Did you see that move?
Perfect!"
Duvessa hits you with a +0 short sword!
You die...

#.# #.#
#.# #.#
#.# #.#
#.# #.#.#
#.#@#
#.#e# #
#.#.#
#.####.#.#
.......#w#
.......#e#
...o...o.#
#.####.###
#.


You could see Duvessa (fast, inner flame), Dowan (inner flame), a ribbon worm
(inner flame) and an orc.

Vanquished Creatures
  A hound (D:2)
  An iguana (D:5)
  A sleepcap (D:5)
  Jessica (D:2)
  A gnoll (D:5)
  3 adders
  3 dart slugs
  A ribbon worm (D:2)
  4 orcs (D:3)
  8 ball pythons
  4 endoplasms
  3 giant cockroaches
  9 goblins
  4 hobgoblins
  8 jackals
  9 kobolds
  3 quokkas
  6 bats
  2 frilled lizards (D:1)
  4 rats
76 creatures vanquished.

Notes
Turn   | Place    | Note
-------+----------+-------------------------------------------
     0 | D:1      | SnakkuSnakku7 the Mummy Alchemist began the quest for the
                  | Orb.
     0 | D:1      | Reached XP level 1. HP: 13/13 MP: 4/4
   104 | D:1      | Reached skill level 1 in Fighting
   154 | D:1      | Reached XP level 2. HP: 15/22 MP: 5/5
   213 | D:1      | Reached skill level 2 in Fighting
   501 | D:1      | Reached XP level 3. HP: 26/28 MP: 7/7
   904 | D:2      | Reached skill level 3 in Fighting
  1014 | D:2      | Found Pahi's General Store.
  1023 | D:2      | Bought a scroll of teleportation for 42 gold pieces
  1143 | D:2      | Reached skill level 4 in Fighting
  1143 | D:2      | Reached XP level 4. HP: 24/37 MP: 8/8
  1296 | D:2      | You fall into a shaft and drop 1 floor!
  1402 | D:2      | Noticed Jessica
  1421 | D:2      | Killed Jessica
  1731 | D:3      | Reached XP level 5. HP: 37/43 MP: 9/9
  2001 | D:3      | Found Vuts's Distillery.
  2235 | D:4      | Noticed a black bear
  2326 | D:4      | Noticed a phantom
  2327 | D:4      | Noticed Edmund
  2334 | D:5      | Entered Level 5 of the Dungeon
  2371 | D:5      | Reached skill level 1 in Axes
  2630 | D:5      | Noticed Duvessa
  2630 | D:5      | Noticed Dowan
  2643 | D:5      | Slain by Duvessa

Illustrated notes

Levels and vault maps discovered:
D:1:      lightli_arrival_chessboard, layout_basic
D:2:      layout_rooms, serial_shops, shop, kennysheep_minor_cross, uniq_jessica
D:3:      layout_basic, serial_shops, shop, kennysheep_generic_room_13
D:4:      layout_cave_pools, temple_doors_ab, kennysheep_generic_room_2,
          uniq_edmund
D:5:      layout_basic, uniq_duvessa

Skill      XL: |  1  2  3  4  5 |
---------------+----------------+-----
Fighting       | 1 2 4 |  4.8
Axes           | 2 |  2.1
Maces & Flails | |  0.5
Dodging        | |  1.5
Stealth        | |  1.5
Spellcasting   | |  2.6
Conjurations   | |  0.7
Alchemy        | |  2.4

Action                     |  1- 3 |  4- 6 || total
---------------------------+-------+-------++-------
  Melee: Whip              |    42 |       ||    42
         Punch             |     2 |     2 ||     4
         Mace              |    95 |    82 ||   177
         War axe           |       |    45 ||    45
         Flail             |       |    14 ||    14
   Cast: Sting             |     1 |       ||     1
    Use: Scroll            |       |     6 ||     6
   Stab: Sleeping          |     1 |       ||     1
 Armour: Robe              |    36 |       ||    36
         Plate armour      |   112 |   210 ||   322
  Dodge: Dodged            |    65 |    64 ||   129
